[Event "XVII MetLife Najdorf Open 2017"]
[Site "Warsaw"]
[Date "2017.07.12"]
[Round "4.53"]
[White "Dmochowska, Agnieszka"]
[Black "Paszewski, Mateusz"]
[Result "1-0"]
[ECO "B22"]
[WhiteElo "2202"]
[BlackElo "2323"]
[Annotator "ChessBase"]
[PlyCount "47"]
[EventDate "2017.??.??"]
[EventType "swiss"]
[EventCountry "POL"]
[SourceTitle "playchess.com"]
[Source "ChessBase"]
[SourceQuality "1"]
[TimeControl "40/5400+30:1800+30"]

1. e4 c5 2. c3 d5 3. exd5 Qxd5 4. d4 Nc6 5. Nf3 Bf5 6. Be3 Nf6 7. c4 Qd8 8. d5 Nb4 9. Na3 Qa5 10. Bd2 Rd8 11. Be2 e6 12. O-O Be7 13. Nb5 Ne4 14. a3 Nxd2 15. Qxd2 Nc6 16. Qf4 Nb8 17. g4 Bc2 18. d6 Bf6 19. g5 Bd4 20. b4 Qb6 21. Nfxd4 cxd4 22. c5 Qc6 23. Nc7+ Kd7 24. Bb5 1-0

[Event "XVII MetLife Najdorf Open 2017"]
[Site "Warsaw"]
[Date "2017.07.12"]
[Round "4.54"]
[White "Urazayev, Arystanbek"]
[Black "Sahil, Tickoo"]
[Result "1-0"]
[ECO "C10"]
[WhiteElo "2322"]
[BlackElo "2234"]
[Annotator "NA"]
[PlyCount "45"]
[EventDate "2017.??.??"]
[EventType "swiss"]
[EventCountry "POL"]
[SourceTitle "playchess.com"]
[Source "ChessBase"]
[SourceQuality "1"]
[TimeControl "40/5400+30:1800+30"]

1. e4 e6 2. d4 d5 3. Nd2 dxe4 4. Nxe4 Bd7 5. Nf3 Bc6 6. Bd3 Nd7 7. O-O Ngf6 8. Ng3 Be7 9. b3 b5 10. Bb2 Rb8 11. Qe2 O-O 12. Rad1 b4 13. Ne5 Bd5 14. f4 c5 15. Kh1 cxd4 16. Nxd7 Qxd7 17. Bxd4 Ne8 18. f5 f6 19. fxe6 Qxe6 20. Qh5 f5 21. Bxf5 Qh6 22. Qxh6 gxh6 23. Be5 1-0

[Event "XVII MetLife Najdorf Open 2017"]
[Site "Warsaw"]
[Date "2017.07.12"]
[Round "4.55"]
[White "Bednarek, Sylwester"]
[Black "Baasansuren, Erdene"]
[Result "1-0"]
[ECO "E97"]
[WhiteElo "2309"]
[BlackElo "2128"]
[Annotator "ChessBase"]
[PlyCount "61"]
[EventDate "2017.??.??"]
[EventType "swiss"]
[EventCountry "POL"]
[SourceTitle "playchess.com"]
[Source "ChessBase"]
[SourceQuality "1"]
[TimeControl "40/5400+30:1800+30"]

1. Nf3 Nf6 2. c4 g6 3. Nc3 Bg7 4. e4 d6 5. d4 O-O 6. Be2 e5 7. O-O Nc6 8. d5 Ne7 9. b4 Ne8 10. c5 f5 11. Ng5 h6 12. Ne6 Bxe6 13. dxe6 fxe4 14. cxd6 Nxd6 15. b5 Kh7 16. Ba3 Nef5 17. Rc1 e3 18. Nd5 Qg5 19. f4 exf4 20. Rxc7 Nh4 21. Bf3 Ndf5 22. Kh1 e2 23. Qxe2 Nd4 24. Bb2 Nhxf3 25. Qxf3 Nxf3 26. Rxg7+ Kh8 27. gxf3 Rf5 28. Rf7+ Re5 29. Bxe5+ Qxe5 30. Nf6 Qxe6 31. Rh7# 1-0

[Event "XVII MetLife Najdorf Open 2017"]
[Site "Warsaw"]
[Date "2017.07.12"]
[Round "4.56"]
[White "Walter, Szymon"]
[Black "Winiarski, Mikolaj"]
[Result "0-1"]
[ECO "B76"]
[WhiteElo "2220"]
[BlackElo "2295"]
[Annotator "NA"]
[PlyCount "52"]
[EventDate "2017.??.??"]
[EventType "swiss"]
[EventCountry "POL"]
[SourceTitle "playchess.com"]
[Source "ChessBase"]
[SourceQuality "1"]
[TimeControl "40/5400+30:1800+30"]

1. e4 c5 2. Nf3 d6 3. d4 cxd4 4. Nxd4 Nf6 5. Nc3 g6 6. Be3 Bg7 7. f3 O-O 8. Qd2 Nc6 9. O-O-O d5 10. Qe1 e5 11. Nxc6 bxc6 12. exd5 Nxd5 13. Bc4 Be6 14. Kb1 Rb8 15. Bb3 Qc7 16. Ne4 Nxe3 17. Qxe3 Bxb3 18. axb3 Rfd8 19. g4 Rd4 20. g5 a5 21. Rhe1 a4 22. bxa4 Qb6 23. Qc3 Rxa4 24. b3 Rba8 25. Qb2 R4a6 26. Rd2 Qa7 0-1

[Event "XVII MetLife Najdorf Open 2017"]
[Site "Warsaw"]
[Date "2017.07.12"]
[Round "4.57"]
[White "Sieber, Fiona"]
[Black "Bus, Konrad"]
[Result "1/2-1/2"]
[ECO "C67"]
[WhiteElo "2287"]
[BlackElo "2219"]
[Annotator "ChessBase"]
[PlyCount "67"]
[EventDate "2017.??.??"]
[EventType "swiss"]
[EventCountry "POL"]
[SourceTitle "playchess.com"]
[Source "ChessBase"]
[SourceQuality "1"]
[TimeControl "40/5400+30:1800+30"]

1. e4 e5 2. Nf3 Nc6 3. Bb5 Nf6 4. O-O Nxe4 5. d4 Nd6 6. Bxc6 dxc6 7. dxe5 Nf5 8. Qxd8+ Kxd8 9. Nc3 Ke8 10. h3 Be6 11. g4 Ne7 12. Nh2 Nd5 13. Nxd5 Bxd5 14. Be3 h5 15. f3 a5 16. a4 Be7 17. Kg2 c5 18. Rfd1 Rd8 19. Nf1 Bc6 20. Rxd8+ Kxd8 21. c4 Kd7 22. b3 Ke6 23. Rd1 hxg4 24. hxg4 b6 25. Bc1 g6 26. Ne3 Rd8 27. Bb2 Rxd1 28. Nxd1 Bf8 29. Nf2 Bh6 30. Nh3 Be3 31. Kg3 g5 32. f4 gxf4+ 33. Nxf4+ Bxf4+ 34. Kxf4 1/2-1/2

[Event "XVII MetLife Najdorf Open 2017"]
[Site "Warsaw"]
[Date "2017.07.12"]
[Round "4.58"]
[White "Rakesh Kumar Jena"]
[Black "Ghadiri, Radmehr"]
[Result "1-0"]
[ECO "A04"]
[WhiteElo "2283"]
[BlackElo "2125"]
[Annotator "ChessBase"]
[PlyCount "55"]
[EventDate "2017.??.??"]
[EventType "swiss"]
[EventCountry "POL"]
[SourceTitle "playchess.com"]
[Source "ChessBase"]
[SourceQuality "1"]
[TimeControl "40/5400+30:1800+30"]

1. Nf3 e6 2. d4 Nf6 3. Bf4 d5 4. e3 c5 5. Nbd2 Nc6 6. c3 Bd6 7. Bg3 Qe7 8. Bd3 e5 9. dxe5 Nxe5 10. Bxe5 Bxe5 11. Bb5+ Bd7 12. Bxd7+ Nxd7 13. Qb3 d4 14. cxd4 Bxd4 15. Nc4 O-O 16. O-O Bf6 17. Qxb7 Qe6 18. Rad1 Nb6 19. Nd6 Qxa2 20. e4 Bxb2 21. e5 c4 22. Qe4 c3 23. Ng5 g6 24. Qh4 h5 25. Qe4 Qa4 26. Rd4 Qa2 27. e6 f5 28. Qb7 1-0

[Event "XVII MetLife Najdorf Open 2017"]
[Site "Warsaw"]
[Date "2017.07.12"]
[Round "4.59"]
[White "AlHuwar, Jasem"]
[Black "Domanski, Lukasz"]
[Result "1-0"]
[ECO "A04"]
[WhiteElo "2275"]
[BlackElo "2113"]
[Annotator "ChessBase"]
[PlyCount "55"]
[EventDate "2017.??.??"]
[EventType "swiss"]
[EventCountry "POL"]
[SourceTitle "playchess.com"]
[Source "ChessBase"]
[SourceQuality "1"]
[TimeControl "40/5400+30:1800+30"]

1. Nf3 d6 2. d4 Nf6 3. g3 g6 4. b3 Bg7 5. Bb2 O-O 6. Bg2 c5 7. O-O Nbd7 8. c4 a6 9. Nc3 Rb8 10. a4 cxd4 11. Nxd4 Nc5 12. b4 Ne6 13. Nb3 b6 14. Qd2 Bb7 15. Nd5 Nd7 16. Bxg7 Kxg7 17. a5 Bxd5 18. cxd5 Nc7 19. Nd4 Rb7 20. Nc6 Qe8 21. axb6 Na8 22. Rxa6 Naxb6 23. Rfa1 Kg8 24. Qd4 Nc8 25. R1a3 Ndb6 26. Re3 Nd7 27. Bh3 h6 28. Qh4 1-0

[Event "XVII MetLife Najdorf Open 2017"]
[Site "Warsaw"]
[Date "2017.07.12"]
[Round "4.60"]
[White "Fieberg, Samuel"]
[Black "Nowicki, Bartosz"]
[Result "1-0"]
[ECO "B58"]
[WhiteElo "2169"]
[BlackElo "2262"]
[Annotator "ChessBase"]
[PlyCount "101"]
[EventDate "2017.??.??"]
[EventType "swiss"]
[EventCountry "POL"]
[SourceTitle "playchess.com"]
[Source "ChessBase"]
[SourceQuality "1"]
[TimeControl "40/5400+30:1800+30"]

1. e4 c5 2. Nf3 d6 3. d4 cxd4 4. Nxd4 Nf6 5. Nc3 Nc6 6. Be2 e5 7. Nf3 h6 8. O-O Be7 9. Re1 O-O 10. h3 Be6 11. Bf1 Rc8 12. Nd5 Bxd5 13. exd5 Nb4 14. c4 a5 15. Bd2 Na6 16. a3 Nd7 17. b4 axb4 18. axb4 f5 19. Qb3 Bf6 20. Bc3 Kh7 21. Qb2 Nb6 22. Qb3 Rf7 23. Rac1 Rfc7 24. Bd2 e4 25. Nh2 Bd4 26. g3 Qf6 27. Kg2 g5 28. g4 Re7 29. gxf5 Qxf5 30. Be3 Bxe3 31. Qxe3 Nd7 32. f3 Nf6 33. fxe4 Qe5 34. Bd3 Kg7 35. Rb1 Qc3 36. Rec1 Rxe4 37. Qxg5+ hxg5 38. Rxc3 Re3 39. Rcb3 Nh5 40. Bf1 Re4 41. Ng4 Rd4 42. Re3 Rd2+ 43. Kg1 Rc7 44. Rbe1 Kf7 45. Re6 Rd7 46. Rh6 Ng7 47. Rf6+ Kg8 48. Bg2 Nxb4 49. Nh6+ Kh8 50. Rf8+ Kh7 51. Be4+ 1-0

[Event "XVII MetLife Najdorf Open 2017"]
[Site "Warsaw"]
[Date "2017.07.12"]
[Round "4.61"]
[White "Sliwicka, Alicja"]
[Black "Zlatin, Alexander"]
[Result "1-0"]
[ECO "C78"]
[WhiteElo "2164"]
[BlackElo "2259"]
[Annotator "ChessBase"]
[PlyCount "63"]
[EventDate "2017.??.??"]
[EventType "swiss"]
[EventCountry "POL"]
[SourceTitle "playchess.com"]
[Source "ChessBase"]
[SourceQuality "1"]
[TimeControl "40/5400+30:1800+30"]

1. e4 e5 2. Nf3 Nc6 3. Bb5 a6 4. Ba4 Nf6 5. O-O b5 6. Bb3 Bc5 7. Nxe5 Nxe5 8. d4 Bxd4 9. Qxd4 d6 10. f4 Nc6 11. Qc3 Ne7 12. e5 Ne4 13. Qf3 d5 14. Nc3 Bb7 15. f5 c5 16. f6 Nxc3 17. fxg7 Rg8 18. Qxf7+ Kd7 19. e6+ Kc6 20. bxc3 c4 21. Bg5 Kd6 22. Bxc4 bxc4 23. Rab1 Bc6 24. Bf4+ Kc5 25. Bc1 Be8 26. Ba3+ Kc6 27. Qf2 d4 28. Bxe7 Qd5 29. Bf6 Bh5 30. Bxd4 Rab8 31. Rxb8 Rxb8 32. Qf8 1-0

[Event "XVII MetLife Najdorf Open 2017"]
[Site "Warsaw"]
[Date "2017.07.12"]
[Round "4.62"]
[White "Priyanka Nutakki"]
[Black "Schroeder, Kevin"]
[Result "0-1"]
[ECO "B12"]
[WhiteElo "2104"]
[BlackElo "2321"]
[Annotator "ChessBase"]
[PlyCount "72"]
[EventDate "2017.??.??"]
[EventType "swiss"]
[EventCountry "POL"]
[SourceTitle "playchess.com"]
[Source "ChessBase"]
[SourceQuality "1"]
[TimeControl "40/5400+30:1800+30"]

1. e4 c6 2. d4 d5 3. Nd2 g6 4. Ngf3 Bg7 5. c3 dxe4 6. Nxe4 Nf6 7. Bd3 O-O 8. O-O Nbd7 9. Nxf6+ exf6 10. Bf4 Nb6 11. h3 Be6 12. Re1 a5 13. a4 Rc8 14. Bf1 Re8 15. Nd2 f5 16. Nb3 Nd5 17. Bd2 b6 18. c4 Nf6 19. Rc1 Ne4 20. Be3 Qd6 21. Bd3 Red8 22. Qc2 Qb4 23. f3 Ng3 24. Bd2 Qd6 25. Be3 c5 26. d5 Bd7 27. Nd2 Re8 28. Bf2 Nh5 29. Nf1 Qf6 30. b3 Nf4 31. Qd2 Bh6 32. Be3 Rxe3 33. Rxe3 Qd4 34. Bb1 Qxd2 35. Nxd2 Nxh3+ 36. Kf1 Bxe3 0-1

[Event "XVII MetLife Najdorf Open 2017"]
[Site "Warsaw"]
[Date "2017.07.12"]
[Round "4.64"]
[White "Kujawski, Adam"]
[Black "Kiolbasa, Oliwia"]
[Result "1-0"]
[ECO "A09"]
[WhiteElo "2300"]
[BlackElo "2253"]
[Annotator "ChessBase"]
[PlyCount "91"]
[EventDate "2017.??.??"]
[EventType "swiss"]
[EventCountry "POL"]
[SourceTitle "playchess.com"]
[Source "ChessBase"]
[SourceQuality "1"]
[TimeControl "40/5400+30:1800+30"]

1. Nf3 d5 2. c4 d4 3. g3 Nc6 4. Bg2 g6 5. d3 Bg7 6. Nbd2 e5 7. b4 Nge7 8. b5 Nb8 9. h4 h5 10. a4 a5 11. O-O Nd7 12. Nb3 Ra7 13. e3 dxe3 14. Bxe3 b6 15. Ra2 O-O 16. Re1 Nf5 17. Bg5 f6 18. Bc1 Bb7 19. d4 exd4 20. Nbxd4 Ne5 21. Rd2 Nxd4 22. Rxd4 Nxf3+ 23. Bxf3 Bxf3 24. Rxd8 Bxd1 25. Rexd1 Ra8 26. Rxa8 Rxa8 27. Rd7 Rc8 28. Bf4 Bf8 29. Bxc7 Bc5 30. Kf1 Re8 31. Rd8 Rxd8 32. Bxd8 Kf7 33. Ke2 Ke6 34. Bc7 g5 35. hxg5 fxg5 36. Bd8 Kf5 37. f3 Kg6 38. Kf1 Kf5 39. Ke2 Kg6 40. g4 h4 41. Kf1 h3 42. Bc7 Kf6 43. f4 gxf4 44. Bxf4 Kg6 45. Ke2 Bg1 46. Kf3 1-0

[Event "XVII MetLife Najdorf Open 2017"]
[Site "Warsaw"]
[Date "2017.07.12"]
[Round "4.65"]
[White "Kucza, Karol"]
[Black "Michalczak, Thomas"]
[Result "1-0"]
[ECO "C95"]
[WhiteElo "2297"]
[BlackElo "2239"]
[Annotator "ChessBase"]
[PlyCount "209"]
[EventDate "2017.??.??"]
[EventType "swiss"]
[EventCountry "POL"]
[SourceTitle "playchess.com"]
[Source "ChessBase"]
[SourceQuality "1"]
[TimeControl "40/5400+30:1800+30"]

1. e4 e5 2. Nf3 Nc6 3. Bb5 a6 4. Ba4 Nf6 5. O-O Be7 6. Re1 b5 7. Bb3 d6 8. c3 O-O 9. h3 Nb8 10. d4 Nbd7 11. Nbd2 Bb7 12. Bc2 Re8 13. a4 c6 14. b4 Bf8 15. Bb2 Qc7 16. c4 Rab8 17. axb5 axb5 18. cxb5 cxb5 19. d5 Nb6 20. Bd3 Na4 21. Qb3 Nxb2 22. Qxb2 Bc8 23. Rec1 Qd8 24. Nb3 Nh5 25. Na5 Nf4 26. Bf1 Qf6 27. Nc6 Rb7 28. Ra8 Bd7 29. Rxe8 Bxe8 30. Kh2 Nxh3 31. Qd2 Nxf2 32. Na5 Nxe4 33. Qe3 Rb8 34. Re1 Nf2 35. Qxf2 Qf4+ 36. Kg1 Qxb4 37. Nc6 Bxc6 38. dxc6 d5 39. Rc1 e4 40. Qa7 Qa3 41. Qxa3 Bxa3 42. c7 Rc8 43. Rc6 Bb4 44. Nd4 Ba5 45. Nxb5 Kf8 46. g3 g6 47. Bh3 f5 48. g4 e3 49. Kf1 d4 50. Nxd4 Bxc7 51. Rxc7 Rxc7 52. Ne6+ Ke7 53. Nxc7 fxg4 54. Bxg4 Kd6 55. Ne6 h5 56. Bh3 Ke5 57. Ke2 Ke4 58. Bg2+ Kf5 59. Nc7 Kf4 60. Nd5+ Kg3 61. Nxe3 g5 62. Bc6 g4 63. Nf1+ Kh3 64. Kf2 Kh4 65. Ng3 Kg5 66. Ne2 h4 67. Bd7 Kh5 68. Nf4+ Kg5 69. Nd5 g3+ 70. Kg2 Kh5 71. Kh3 Kg5 72. Bc8 Kh5 73. Nf4+ Kg5 74. Ng2 Kf6 75. Kxh4 Ke5 76. Kg4 Ke4 77. Bf5+ Ke5 78. Bh7 Kd4 79. Kxg3 Ke5 80. Kf3 Kd4 81. Kf4 Kd5 82. Ne3+ Kd4 83. Be4 Kc5 84. Ke5 Kb5 85. Bd5 Kc5 86. Nc2 Kb5 87. Kd4 Kb6 88. Ne1 Kc7 89. Ke5 Kb6 90. Nd3 Kb5 91. Bb3 Kc6 92. Ba4+ Kb6 93. Kd6 Ka5 94. Bd7 Kb6 95. Nb4 Ka5 96. Nd5 Ka6 97. Kc5 Ka5 98. Kc4 Ka6 99. Kb4 Kb7 100. Kb5 Ka7 101. Bc8 Kb8 102. Ba6 Ka7 103. Ne7 Kb8 104. Kb6 Ka8 105. Bb7+ 1-0

[Event "XVII MetLife Najdorf Open 2017"]
[Site "Warsaw"]
[Date "2017.07.12"]
[Round "4.66"]
[White "Reza, Wojciech"]
[Black "Heinemann, Josefine"]
[Result "0-1"]
[ECO "A34"]
[WhiteElo "2258"]
[BlackElo "2294"]
[Annotator "ChessBase"]
[PlyCount "84"]
[EventDate "2017.??.??"]
[EventType "swiss"]
[EventCountry "POL"]
[SourceTitle "playchess.com"]
[Source "ChessBase"]
[SourceQuality "1"]
[TimeControl "40/5400+30:1800+30"]

1. c4 c5 2. Nc3 Nf6 3. g3 d5 4. cxd5 Nxd5 5. Bg2 Nc7 6. d3 e5 7. Be3 Be7 8. Rc1 Ne6 9. Nf3 Nc6 10. O-O f6 11. Nd2 Ncd4 12. a3 O-O 13. Nd5 Rb8 14. b4 b6 15. Bxd4 Nxd4 16. e3 Ne6 17. Qb3 Kh8 18. b5 Bb7 19. Nb1 Qd7 20. Nbc3 Bd6 21. f4 exf4 22. gxf4 Rfd8 23. Qd1 Qf7 24. Rf2 Rd7 25. f5 Nf8 26. Qg4 Rbd8 27. Be4 Be5 28. Nf4 Bxe4 29. dxe4 Bxc3 30. Rxc3 Rd1+ 31. Kg2 R8d2 32. Rc2 Rxf2+ 33. Kxf2 Rd6 34. Qg3 Rd8 35. Nd5 Qe8 36. Qh4 Qxb5 37. Nxf6 Qd3 38. Re2 gxf6 39. Qxf6+ Kg8 40. Kf3 Qd1 41. e5 Rd2 42. Qg5+ Ng6 0-1

[Event "XVII MetLife Najdorf Open 2017"]
[Site "Warsaw"]
[Date "2017.07.12"]
[Round "4.67"]
[White "Krstulovic, Alex"]
[Black "Niekras, Dawid"]
[Result "1/2-1/2"]
[ECO "E94"]
[WhiteElo "2252"]
[BlackElo "2291"]
[Annotator "ChessBase"]
[PlyCount "69"]
[EventDate "2017.??.??"]
[EventType "swiss"]
[EventCountry "POL"]
[SourceTitle "playchess.com"]
[Source "ChessBase"]
[SourceQuality "1"]
[TimeControl "40/5400+30:1800+30"]

1. d4 Nf6 2. c4 g6 3. Nc3 Bg7 4. e4 d6 5. Be2 O-O 6. Nf3 e5 7. O-O Na6 8. Re1 Qe8 9. Bg5 h6 10. Bxf6 Bxf6 11. c5 Bg7 12. Bxa6 bxa6 13. dxe5 dxe5 14. Nd5 Rb8 15. Nxc7 Qc6 16. Nd5 Qxc5 17. Rc1 Qd6 18. Rc7 Kh7 19. Nd2 Rb7 20. Nc4 Qe6 21. Rc5 Rd7 22. Re2 Bb7 23. Rd2 Rfd8 24. Na5 Ba8 25. Rc7 Rxc7 26. Nxc7 Rxd2 27. Qxd2 Qxa2 28. f3 Bxe4 29. fxe4 Qb1+ 30. Kf2 Qxe4 31. Nd5 Qf5+ 32. Kg1 Qb1+ 33. Kf2 Qf5+ 34. Kg3 h5 35. Qe3 1/2-1/2

[Event "XVII MetLife Najdorf Open 2017"]
[Site "Warsaw"]
[Date "2017.07.12"]
[Round "4.68"]
[White "Khalafova, Narmin"]
[Black "Siekanski, Janusz"]
[Result "1-0"]
[ECO "B81"]
[WhiteElo "2224"]
[BlackElo "2287"]
[Annotator "ChessBase"]
[PlyCount "49"]
[EventDate "2017.??.??"]
[EventType "swiss"]
[EventCountry "POL"]
[SourceTitle "playchess.com"]
[Source "ChessBase"]
[SourceQuality "1"]
[TimeControl "40/5400+30:1800+30"]

1. e4 c5 2. Nf3 e6 3. d4 cxd4 4. Nxd4 Nf6 5. Nc3 d6 6. g4 Nc6 7. g5 Nd7 8. Be3 Be7 9. h4 O-O 10. f4 a6 11. a3 Re8 12. Rg1 Bf8 13. h5 Nxd4 14. Qxd4 e5 15. Qd2 exf4 16. Bxf4 Ne5 17. Be2 Be6 18. O-O-O Rc8 19. Rg3 Qc7 20. Rh1 b5 21. g6 fxg6 22. hxg6 Nxg6 23. Bh5 Bf7 24. Bxg6 Bxg6 25. Rxg6 1-0

[Event "XVII MetLife Najdorf Open 2017"]
[Site "Warsaw"]
[Date "2017.07.12"]
[Round "4.69"]
[White "Baltic, Fatih"]
[Black "Othman, A  Moussa"]
[Result "1-0"]
[ECO "B06"]
[WhiteElo "2210"]
[BlackElo "2277"]
[Annotator "ChessBase"]
[PlyCount "47"]
[EventDate "2017.??.??"]
[EventType "swiss"]
[EventCountry "POL"]
[SourceTitle "playchess.com"]
[Source "ChessBase"]
[SourceQuality "1"]
[TimeControl "40/5400+30:1800+30"]

1. e4 d6 2. d4 g6 3. Nc3 Bg7 4. f4 a6 5. Nf3 b5 6. Bd3 Nd7 7. e5 e6 8. a4 bxa4 9. O-O Nb6 10. Nxa4 Nxa4 11. Rxa4 Ne7 12. Qe2 O-O 13. Bd2 Bb7 14. Rfa1 Bc6 15. Rxa6 Rxa6 16. Rxa6 Bxf3 17. Qxf3 dxe5 18. dxe5 Qd4+ 19. Be3 Qxb2 20. Bc5 Re8 21. Ra8 Kf8 22. Qc6 Qd4+ 23. Kh1 Rd8 24. Qxc7 1-0

[Event "XVII MetLife Najdorf Open 2017"]
[Site "Warsaw"]
[Date "2017.07.12"]
[Round "4.70"]
[White "Fus, Jakub"]
[Black "Chylewski, Patryk"]
[Result "0-1"]
[ECO "D83"]
[WhiteElo "2103"]
[BlackElo "2275"]
[Annotator "ChessBase"]
[PlyCount "158"]
[EventDate "2017.??.??"]
[EventType "swiss"]
[EventCountry "POL"]
[SourceTitle "playchess.com"]
[Source "ChessBase"]
[SourceQuality "1"]
[TimeControl "40/5400+30:1800+30"]

1. d4 Nf6 2. c4 g6 3. Nc3 d5 4. Bf4 Bg7 5. e3 O-O 6. Rc1 Be6 7. c5 c6 8. Bd3 Nh5 9. Bg5 f5 10. f4 Nf6 11. Bxf6 exf6 12. Nf3 b5 13. Kf2 a5 14. Qc2 Na6 15. Qd2 Nc7 16. h3 Qd7 17. Rcg1 Ne8 18. Qc2 Bh8 19. g3 Ng7 20. Rh2 Kf7 21. Rhg2 Ke7 22. Ne2 Rae8 23. g4 Kd8 24. g5 Nh5 25. h4 Qc7 26. Qd2 Bf7 27. Nc3 Re7 28. Bxb5 Qb7 29. Bd3 Rfe8 30. Re1 fxg5 31. hxg5 Nxf4 32. exf4 Rxe1 33. Nxe1 Bxd4+ 34. Kg3 Be3 35. Qd1 Qb4 36. Ne2 Bxc5 37. Nc2 Qxb2 38. Rh2 Bg8 39. Rh1 Qxa2 40. Nc3 Qb3 41. Qd2 Bb4 42. Nxb4 axb4 43. Ne2 c5 44. Rb1 Qa3 45. Kf2 Kc7 46. Nd4 cxd4 47. Qc2+ Kd6 48. Rc1 Qc3 49. Qd1 Qb2+ 50. Rc2 Qa3 51. Qb1 b3 52. Rb2 Qb4 53. Qd1 Re3 54. Rxb3 Qa5 55. Be2 Rxb3 56. Qxb3 Be6 57. Qb8+ Qc7 58. Qb4+ Qc5 59. Qb8+ Ke7 60. Bb5 d3+ 61. Kf3 Qc8 62. Qa7+ Bd7 63. Qe3+ Kf7 64. Bxd3 Qc3 65. Kf2 d4 66. Qe2 Be6 67. Bb5 Qc7 68. Kg3 Qd6 69. Qf2 Qa3+ 70. Kh4 Qe3 71. Qxe3 dxe3 72. Kg3 Bd5 73. Be2 Ke6 74. Kh2 Kd6 75. Kg1 Kc5 76. Bd3 Kd4 77. Bb1 e2 78. Kf2 e1=Q+ 79. Kxe1 Ke3 0-1

[Event "XVII MetLife Najdorf Open 2017"]
[Site "Warsaw"]
[Date "2017.07.12"]
[Round "4.71"]
[White "Selbes, Tarik"]
[Black "Yelisieiev, Yevhenii"]
[Result "1-0"]
[ECO "C41"]
[WhiteElo "2260"]
[BlackElo "2317"]
[Annotator "ChessBase"]
[PlyCount "61"]
[EventDate "2017.??.??"]
[EventType "swiss"]
[EventCountry "POL"]
[SourceTitle "playchess.com"]
[Source "ChessBase"]
[SourceQuality "1"]
[TimeControl "40/5400+30:1800+30"]

1. e4 d6 2. d4 Nf6 3. Nc3 e5 4. Nf3 Nbd7 5. Bc4 Be7 6. a4 O-O 7. O-O c6 8. h3 a5 9. Re1 Nb6 10. Ba2 Nfd7 11. Be3 exd4 12. Nxd4 Nc5 13. Qh5 Nbxa4 14. Nxa4 Nxa4 15. Nf3 b5 16. Ng5 Bxg5 17. Bxg5 Qc7 18. Re3 Kh8 19. Bf4 Be6 20. e5 d5 21. Rg3 Rg8 22. c3 f5 23. Re1 Raf8 24. Bb1 Nc5 25. f3 Qf7 26. Qh4 Bc8 27. e6 Nxe6 28. Be5 Re8 29. f4 Nf8 30. Rg5 Ng6 31. Qxh7+ 1-0

[Event "XVII MetLife Najdorf Open 2017"]
[Site "Warsaw"]
[Date "2017.07.12"]
[Round "4.72"]
[White "Prithu Gupta"]
[Black "Godzwon, Iwo"]
[Result "1/2-1/2"]
[ECO "B35"]
[WhiteElo "2293"]
[BlackElo "2205"]
[Annotator "ChessBase"]
[PlyCount "35"]
[EventDate "2017.??.??"]
[EventType "swiss"]
[EventCountry "POL"]
[SourceTitle "playchess.com"]
[Source "ChessBase"]
[SourceQuality "1"]
[TimeControl "40/5400+30:1800+30"]

1. e4 c5 2. Nf3 Nc6 3. d4 cxd4 4. Nxd4 g6 5. Nc3 Bg7 6. Be3 Nf6 7. Bc4 O-O 8. Bb3 Re8 9. Nxc6 dxc6 10. Qxd8 Rxd8 11. f3 b6 12. Kf2 Ne8 13. Rhd1 Ba6 14. a4 Nd6 15. a5 b5 16. Bc5 Kf8 17. Na2 Nb7 18. Be3 1/2-1/2

[Event "XVII MetLife Najdorf Open 2017"]
[Site "Warsaw"]
[Date "2017.07.12"]
[Round "4.73"]
[White "Karpus, Michal"]
[Black "Paramzina, Anastasya"]
[Result "0-1"]
[ECO "B94"]
[WhiteElo "2291"]
[BlackElo "2166"]
[Annotator "ChessBase"]
[PlyCount "74"]
[EventDate "2017.??.??"]
[EventType "swiss"]
[EventCountry "POL"]
[SourceTitle "playchess.com"]
[Source "ChessBase"]
[SourceQuality "1"]
[TimeControl "40/5400+30:1800+30"]

1. e4 c5 2. Nf3 d6 3. d4 cxd4 4. Nxd4 Nf6 5. Nc3 a6 6. Bg5 Nbd7 7. Bc4 Qb6 8. Bb3 e6 9. Qd2 Be7 10. O-O-O Nc5 11. Rhe1 O-O 12. f4 h6 13. h4 Bd7 14. Kb1 Nxb3 15. Nxb3 Bc6 16. Nd4 Rac8 17. g4 Rc7 18. Qg2 Rfc8 19. Bxh6 gxh6 20. g5 Kh8 21. f5 Bd7 22. gxf6 Bxf6 23. e5 dxe5 24. Qd2 Kh7 25. Ne4 exf5 26. Nxf6+ Qxf6 27. Nf3 Bc6 28. Nxe5 Be4 29. Nd3 Rxc2 30. Qb4 a5 31. Qa3 Qd4 32. Qb3 R8c4 33. h5 a4 34. Qa3 b5 35. Rxe4 fxe4 36. Rf1 Rc7 37. Nf4 b4 0-1

[Event "XVII MetLife Najdorf Open 2017"]
[Site "Warsaw"]
[Date "2017.07.13"]
[Round "5.23"]
[White "Lagunow, Raphael"]
[Black "Socko, Monika"]
[Result "1/2-1/2"]
[ECO "A06"]
[WhiteElo "2348"]
[BlackElo "2480"]
[Annotator "RC"]
[PlyCount "81"]
[EventDate "2017.??.??"]
[EventType "swiss"]
[EventCountry "POL"]
[SourceTitle "playchess.com"]
[Source "ChessBase"]
[SourceQuality "1"]
[TimeControl "40/5400+30:1800+30"]

1. Nf3 d5 2. g3 Nc6 3. d4 Bf5 4. Bg2 Nb4 5. Na3 e6 6. c3 Nc6 7. Nc2 Nf6 8. O-O Be4 9. Nce1 Be7 10. Nd3 O-O 11. Bf4 a5 12. a4 b6 13. Nd2 Bxg2 14. Kxg2 Ne4 15. f3 Nxd2 16. Qxd2 Qd7 17. e4 dxe4 18. fxe4 Rad8 19. Qe2 f6 20. Rad1 Rc8 21. Qg4 f5 22. exf5 exf5 23. Qf3 Bf6 24. Rfe1 Rce8 25. b3 Ne7 26. Be5 Nd5 27. Bxf6 Nxf6 28. Ne5 Qd6 29. Nc4 Qd5 30. Re5 Qxf3+ 31. Kxf3 Ng4 32. Rxe8 Rxe8 33. h3 Nf6 34. Ne3 Ne4 35. Nxf5 Nxc3 36. Rd3 Nd5 37. Ne3 Rf8+ 38. Ke2 Nf6 39. g4 Ne4 40. Nd5 Rf7 41. Re3 1/2-1/2

[Event "XVII MetLife Najdorf Open 2017"]
[Site "Warsaw"]
[Date "2017.07.13"]
[Round "5.29"]
[White "Szustakowski, Antoni"]
[Black "Hnydiuk, Aleksander"]
[Result "1-0"]
[ECO "A57"]
[WhiteElo "2171"]
[BlackElo "2422"]
[Annotator "ChessBase"]
[PlyCount "65"]
[EventDate "2017.??.??"]
[EventType "swiss"]
[EventCountry "POL"]
[SourceTitle "playchess.com"]
[Source "ChessBase"]
[SourceQuality "1"]
[TimeControl "40/5400+30:1800+30"]

1. d4 Nf6 2. c4 c5 3. d5 b5 4. cxb5 a6 5. f3 g6 6. e4 Bg7 7. e5 Ng8 8. f4 d6 9. Nf3 Nh6 10. Nc3 O-O 11. Bd3 Qb6 12. a4 axb5 13. Bxb5 Bg4 14. O-O Nf5 15. exd6 exd6 16. Ne2 c4+ 17. Kh1 Ne3 18. Bxe3 Qxe3 19. Rc1 Bxb2 20. Rxc4 Na6 21. Ned4 Nc5 22. h3 Ne4 23. hxg4 Ng3+ 24. Kh2 Qxf4 25. Kg1 Nxf1 26. Qxf1 Rfc8 27. Bc6 Bxd4+ 28. Nxd4 Qxf1+ 29. Kxf1 Ra7 30. Nb5 Ra5 31. Nxd6 Rc7 32. Nb5 Re7 33. d6 1-0